Map: Winter's Gate LE

Players

MrNovember - Winner!

  • Race: Zerg Zerg
  • League: Grandmaster
  • Spawn Location: 11:00

Argyle

  • Race: Zerg Zerg
  • League: Platinum
  • Spawn Location: 5:00

VOD

Have the link to the VOD?

Description

Time

  • Played on: Sept. 15, 2019, 3:44 p.m.
  • Length: 9:46
Show
View Real Time Build Order
Export as new Build Order

MrNovember Zerg - Winner!

Build Orders: Hatch First 

Get SALT Encoding   

  12  0:00  Drone  
  13  0:13  Overlord  
  13  0:17  Drone  
  14  0:31  Drone x2  
  16  0:48  Hatchery  
  15  0:52  Drone  
  15  0:56  Drone  
  17  1:09  Spawning Pool  
  16  1:13  Drone  
  16  1:17  Extractor  
  16  1:18  Drone  
  16  1:22  Drone  
  18  1:29  Drone  
  19  1:45  Drone  
  20  1:53  Overlord  
  20  1:59  Queen  
  20  2:00  Queen  
  24  2:02  Drone  
  24  2:06  Drone  
  26  2:13  Drone x2  
  28  2:19  Metabolic Boost  
  28  2:26  Zergling x4  
  30  2:32  Drone  
  30  2:35  Drone  
  32  2:50  Drone x2, Hatchery  
  33  2:59  Baneling Nest  
  33  3:02  Overlord  
  32  3:06  Drone x3  
  32  3:10  Zergling x2  
  36  3:13  Overlord  
  36  3:22  Evolution Chamber  
  36  3:26  Zergling x4  
  38  3:28  Drone x3  
  38  3:32  Drone, Queen  
  44  3:42  Drone x3  
  44  3:43  Overlord  
  47  3:49  Zerg Missile Weapons Level 1  
  47  3:51  Drone x3  
  50  3:57  Overlord  
  50  4:00  Drone  
  50  4:03  Zergling x2  
  50  4:07  Lair  
  50  4:08  Extractor  
  50  4:09  Extractor  
  49  4:12  Drone  
  49  4:13  Roach Warren  
  49  4:24  Drone, Extractor  
  49  4:25  Drone x6  
  49  4:27  Drone x2  
  57  4:33  Drone x2  
  57  4:36  Drone  
  60  4:44  Spine Crawler  
  58  4:46  Overlord  
  58  4:53  Roach x6  
  58  4:56  Roach  
  70  5:00  Roach  
  70  5:01  Roach  
  73  5:08  Roach x4  
  73  5:11  Overlord  
  81  5:19  Overlord  
  81  5:24  Overlord  
  76  5:45  Zerg Missile Weapons Level 2  
  76  5:48  Evolution Chamber  
  75  5:50  Drone x10  
  75  5:54  Overlord  
  75  5:57  Glial Reconstitution  
  85  6:02  Overlord  
  85  6:05  Spire  
  85  6:06  Roach x3  
  85  6:07  Roach  
  92  6:14  Evolution Chamber  
  91  6:19  Zerg Ground Armor Level 1  
  91  6:21  Overlord  
  91  6:24  Drone x4  
  91  6:25  Drone  
  97  6:27  Extractor  
  97  6:28  Overseer  
  96  6:34  Drone x3  
  96  6:36  Roach x2  
  96  6:37  Roach x3, Extractor  
  108  6:44  Overlord  
  108  6:50  Drone x3  
  111  6:57  Spore Crawler x2  
  111  6:59  Spore Crawler  
  111  7:00  Spore Crawler x2  
  106  7:02  Spore Crawler  
  106  7:06  Queen x3  
  111  7:31  Spore Crawler  
  111  7:36  Drone x2  
  112  7:42  Queen, Burrow  
  112  7:44  Corruptor x6  
  112  7:47  Overlord x2  
  122  7:53  Overlord  
  122  7:59  Overlord  
  122  8:04  Overlord x2  
  122  8:07  Corruptor x2  
  126  8:20  Corruptor  
  126  8:21  Roach  
  126  8:22  Roach  
  132  8:42  Roach x6  
  132  8:44  Ravager  
  132  8:46  Hatchery  
  144  8:53  Roach x6  
  156  9:05  Roach x6  
  166  9:27  Roach x2  
Show
View Real Time Build Order
Export as new Build Order

Argyle Zerg 

Build Orders: Hatch First 

Get SALT Encoding   

  12  0:01  Drone  
  13  0:15  Overlord  
  13  0:18  Drone  
  14  0:34  Drone x2  
  16  0:37  Drone  
  17  0:56  Drone  
  18  0:58  Hatchery  
  17  1:12  Spawning Pool  
  17  1:14  Extractor  
  17  1:15  Drone  
  16  1:19  Drone  
  16  1:25  Drone  
  18  1:31  Drone  
  19  1:43  Overlord  
  19  1:55  Drone  
  20  2:07  Drone  
  20  2:08  Queen  
  23  2:15  Queen  
  23  2:17  Drone x2  
  27  2:31  Drone  
  27  2:32  Drone x2  
  30  2:38  Drone, Roach Warren  
  30  2:42  Drone  
  31  2:52  Extractor  
  30  2:58  Extractor  
  30  3:02  Evolution Chamber  
  28  3:08  Evolution Chamber, Drone x2  
  28  3:10  Overlord  
  29  3:21  Queen  
  29  3:22  Drone x5  
  29  3:23  Overlord  
  36  3:33  Roach  
  36  3:34  Roach  
  40  3:39  Lair  
  40  3:42  Drone, Extractor  
  40  3:55  Hatchery  
  37  4:07  Roach  
  37  4:08  Roach x4, Spine Crawler  
  46  4:16  Roach x3  
  52  4:30  Overlord  
  52  4:32  Overlord  
  52  4:45  Zerg Melee Weapons Level 1  
  52  4:49  Overlord  
  52  4:50  Queen  
  52  4:51  Drone x3  
  52  4:52  Drone  
  58  5:11  Queen  
  58  5:17  Spire  
  51  5:40  Drone x3  
  51  5:41  Hatchery  
  47  5:43  Drone x3  
  46  6:04  Drone  
  46  6:05  Drone  
  50  6:18  Roach  
  50  6:19  Roach x5  
  60  6:29  Mutalisk x2, Spine Crawler  
  63  6:34  Spine Crawler  
  63  6:37  Mutalisk x3  
  68  6:44  Overlord x2  
  68  6:51  Infestation Pit  
  68  6:53  Mutalisk  
  69  6:58  Mutalisk  
  71  7:03  Overlord  
  71  7:09  Mutalisk  
  71  7:15  Metabolic Boost  
  73  7:23  Queen  
  75  7:36  Extractor  
  74  7:39  Mutalisk x2  
  74  7:42  Extractor  
  53  7:54  Hive  
  53  8:06  Drone x7  
  60  8:20  Drone x2  
  60  8:21  Drone x3  
  65  8:31  Drone x2  
  65  8:32  Drone x2  
  69  8:35  Drone x2  
  69  8:39  Drone  
  72  8:54  Corruptor x3  
  79  9:02  Drone  
  79  9:03  Hydralisk Den  
  79  9:09  Drone  
  79  9:12  Spore Crawler  
  73  9:17  Corruptor x2  
  64  9:29  Zergling x2  
Tags
 
Add a new tag
Caveats
  • Supply blocks, unpowered buildings, or Contaminate may cause inaccurate times.
  • Supply counts are checked every 10 seconds.